 Dungeon Crawl Stone Soup version 0.29.1-12-g30fa7ad0bf (webtiles) character file.

Game seed: 8225489229596239757

130300 mopl the Fencer (level 17, -2/205 HPs)
             Began as a Merfolk Berserker on Jan 16, 2023.
             Was the Champion of Trog.
             Killed from afar by a nagaraja (18 damage)
             ... with a poison arrow
             ... on level 4 of the Snake Pit.
             The game lasted 01:00:49 (24848 turns).

mopl the Fencer (Merfolk Berserker)                Turns: 24848, Time: 01:00:50

Health: -2/205     AC: 23    Str: 26    XL:     17   Next: 7%
Magic:  17/17      EV: 18    Int: 12    God:    Trog [******]
Gold:   1630       SH:  0    Dex: 13    Spells: 16/16 levels left

rFire   + . .      SeeInvis +   a - +0 triple sword (flame)
rCold   + + +      Faith    .   (shield currently unavailable)
rNeg    . . .      Spirit   .   N - +4 skin of Zhor {*Englaciate rC+++ SInv}
rPois   .          Reflect  .   K - +2 helmet {Int+3}
rElec   +          Harm     .   r - +0 cloak
rCorr   .          Rampage  .   Q - +1 pair of gloves {Str+3}
Will    +....      NoTele   +   g - +0 pair of boots
Stlth   ..........              k - amulet of regeneration
HPRegen 1.24/turn               c - ring of the Tortoise {AC+8}
MPRegen 0.15/turn               s - ring "Elaacawu" {Fly rElec rF+}

@: berserking, lethally poisoned (-2 -> -17), untranslocatable, flying,
constricted, studying Dodging, very quick
A: (nimble swimmer 2), mertail
a: Renounce Religion, Berserk, Trog's Hand, Brothers in Arms


You were on level 4 of the Snake Pit.
You worshipped Trog.
Trog was exalted by your worship.
You visited 4 branches of the dungeon, and saw 26 of its levels.
You visited the Abyss 1 time.
You visited 1 bazaar.
You also visited: Bailey and Ice Cave.

You collected 3837 gold pieces.
You spent 2207 gold pieces at shops.

Inventory:

Hand Weapons
 a - a +0 triple sword of flaming (weapon)
 b - a +3 antimagic great sword
 o - a +2 great sword of holy wrath
 z - a +2 great sword of freezing
Missiles
 l - 3 boomerangs of dispersal
 n - 9 boomerangs (quivered)
 A - 10 javelins
 B - 47 poisoned darts
 C - 5 curare-tipped darts
 H - a throwing net
Armour
 g - a +0 pair of boots (worn)
 r - a +0 cloak (worn)
 K - a +2 helmet of intelligence (worn)
 N - the +4 skin of Zhor (worn) {*Englaciate rC+++ SInv}
   (You found it on level 9 of the Dungeon)

   It radiates cold, occasionally slowing all nearby creatures who are not
   resistant to cold.
   rC:        It renders you almost immune to cold.
   SInv:      It lets you see invisible.
 Q - a +1 pair of gloves of strength (worn)
Jewellery
 c - the ring of the Tortoise (left hand) {AC+8}
   (You acquired it on level 6 of the Dungeon)

   [ring of protection]

   AC:        It affects your AC (+8).
 k - an amulet of regeneration (around neck)
 s - the ring "Elaacawu" (right hand) {Fly rElec rF+}
   (You acquired it on level 1 of the Lair of Beasts)

   [ring of protection from fire]

   rF:        It protects you from fire.
   rElec:     It insulates you from electricity.
   Fly:       It grants you flight.
Wands
 t - a wand of roots (30)
 u - a wand of polymorph (2)
 x - a wand of flame (34)
Scrolls
 d - a scroll of enchant armour
 e - 15 scrolls of teleportation
 h - 7 scrolls of identify
 i - 4 scrolls of immolation
 p - 4 scrolls of blinking
 v - 6 scrolls of fear
 w - 7 scrolls of vulnerability
 y - 2 scrolls of enchant weapon
 F - 4 scrolls of poison
 O - 2 scrolls of silence {!r}
 R - a scroll of magic mapping
Potions
 f - 11 potions of curing
 j - 3 potions of cancellation
 m - 5 potions of heal wounds
 q - 2 potions of resistance
 D - 2 potions of mutation {!q}
 I - 4 potions of lignification {!q}
 J - 5 potions of might
 L - a potion of haste
 M - 2 potions of invisibility
 P - 2 potions of magic
Miscellaneous
 E - a condenser vane


   Skills:
 + Level 13.3 Fighting
 * Level 19.5 Long Blades
 + Level 11.6 Throwing
 + Level 9.3 Armour
 + Level 18.9 Dodging
 + Level 11.7 Evocations


You had 16 spell levels left.
You didn't know any spells.
Your spell library contained the following spells:

 Spells                   Type           Power      Damage    Failure   Level
 Freeze                   Ice            0%         1d3       32%         1
 Ensorcelled Hibernation  Hex/Ice        0%         N/A       45%         2
 Ozocubu's Armour         Ice            0%         N/A       69%         3
 Ice Form                 Ice/Tmut       0%         N/A       97%         4
 Polar Vortex             Ice            0%         N/A       100%        9


Dungeon Overview and Level Annotations

Branches:
Dungeon (15/15)            Temple (0/1) D:6            Lair (5/5) D:8
  Swamp (0/4) Lair:2        Snake (4/4) Lair:2        Slime (0/5) Lair:4
    Orc (2/2) D:10            Elf (0/3) Orc:2        Vaults (0/5) D:13
 Depths (0/4) D:15         Bailey (visited)           IceCv (visited)

Altars:
Cheibriados
Fedhas
Hepliaklqana
Kikubaaqudgha
Sif Muna
Wu Jian
The Shining One
Jiyva

Shops:
D:1 ?   D:6 ?   D:8 *   D:11 ![[*   Orc:1 [   Orc:2 ![*[   Snake:2 [(

Portals:
Trove: D:10 (give +6 demon trident)

Annotations:
Snake:2 2 transporters


Innate Abilities, Weirdness & Mutations

((You are very nimble when in or above water. (Stealth+, EV+, Speed+++)))
Your lower body shifts to a powerful aquatic tail in water.


Message History

Unknown command.
You slash the nagaraja! You burn the nagaraja!
The nagaraja is heavily wounded.
You radiate an aura of cold.
The nagaraja seems to slow down.
The naga seems to slow down.
You feel sick.
The nagaraja hits you but does no damage.
The nagaraja constricts you.
You closely miss the nagaraja.
The nagaraja is heavily wounded.
You radiate an aura of cold.
The nagaraja resists.
The naga seems to slow down.
You feel sick.
You slash the nagaraja! You burn the nagaraja.
The nagaraja is severely wounded.
The nagaraja spits poison at you. The splash of poison misses you.
The nagaraja constricts you.
Unknown command.
You closely miss the nagaraja.
The nagaraja is severely wounded.
You feel sick.
You barely miss the nagaraja.
The nagaraja is severely wounded.
You feel sick.
The nagaraja is no longer moving slowly.
The nagaraja hits you with a +0 club!!
* * * LOW HITPOINT WARNING * * *
The nagaraja constricts you.
* * * LOW HITPOINT WARNING * * *
You barely miss the nagaraja.
The nagaraja is severely wounded.
The nagaraja hits you with a +0 club!!
* * * LOW HITPOINT WARNING * * *
The nagaraja constricts you.
Unknown command.
You hit the nagaraja. You burn the nagaraja.
The nagaraja is severely wounded.
You feel sick.
The nagaraja gestures at you while chanting.
The poison arrow hits you!!
You are more poisoned.
You die...

~.~.~.~.# .~N~....#
~.~.~.~.# .~.~....#
#N# #.# #.#
####################)#
................@NN#.#
##################)))#
#####


You could see a nagaraja (fast, strong) and a naga (strong, slow).

Vanquished Creatures
  Rupert (Lair:4)
  3 azure jellies (IceCv)
  A rockslime (IceCv)
  6 quicksilver oozes (IceCv)
  8 vault guards
  Harold (Lair:1)
  4 boulder beetles
  An ogre mage (D:15)
  9 hydras
  10 naga warriors
  3 anacondas
  3 catoblepae (Lair:5)
  4 centaur warriors (D:13)
  5 two-headed ogres
  3 orc high priests (Orc:2)
  8 death yaks
  5 shock serpents
  Sonja (Lair:3)
  9 naga sharpshooters
  6 sea snakes (Snake:2)
  2 salamander mystics (Snake:2)
  Lodul (D:11)
  2 orange crystal statues (IceCv)
  A wizard (D:15)
  2 deep elf pyromancers
  A wolf spider (Lair:3)
  12 ugly things
  A necromancer (D:15)
  12 salamanders
  5 orc knights
  4 mana vipers
  3 manticores
  6 orc sorcerers
  A will-o-the-wisp (Lair:2)
  5 cyclopes
  3 guardian serpents
  2 centaur zombies (D:15)
  19 black mambas
  8 cane toads
  8 naga magi
  An unseen horror (D:12)
  3 rime drakes (D:9)
  2 efreet (D:15)
  5 komodo dragons
  A freezing wraith (D:14)
  2 kobold demonologists
  A meliai (shapeshifter) (D:14)
  2 polar bears
  A wolf spider simulacrum (D:15)
  5 trolls
  A wind drake (shapeshifter) (D:13)
  17 slime creatures
  5 blink frogs (Lair:1)
  5 dream sheep (Lair:5)
  A centaur simulacrum (D:15)
  3 wyverns
  3 wraiths
  A vampire (D:11)
  49 yaks
  2 basilisks
  3 steam dragons
  2 wargs (Orc:1)
  Menkaure (D:6)
  6 vampire mosquitoes
  30 nagas
  3 acid dragons
  14 water moccasins
  Duvessa (D:7)
  An ice beast (D:6)
  24 orc warriors
  An ice beast (shapeshifter) (D:14)
  A sky beast (D:7)
  3 black bears
  5 great orb of eyes simulacra (IceCv)
  7 wolves (Lair:3)
  12 centaurs
  8 ogres
  5 kobold brigands
  A phantom (D:4)
  4 slime creature simulacra (IceCv)
  8 bullfrogs
  4 scorpions
  2 glowing shapeshifter simulacra (IceCv)
  8 wights
  Dowan (D:7)
  4 killer bees (D:11)
  2 howler monkeys
  7 electric eels
  16 orc priests
  2 jellies
  4 hounds
  7 iguanas
  28 orc wizards
  7 adders
  A gnoll (D:5)
  2 shadow imps
  6 white imps
  3 ufetubi
  2 worms
  97 orcs
  4 ball pythons
  7 endoplasms
  12 giant cockroaches
  12 goblins
  10 hobgoblins
  A jackal (D:5)
  3 quokkas
  7 bats
  2 frilled lizards (D:1)
  29 kobolds
  5 rats
734 creatures vanquished.

Vanquished Creatures (collateral kills)
  5 death yaks
  3 slime creatures (IceCv)
  A yak (Lair:5)
9 creatures vanquished.

Vanquished Creatures (others)
  A human (D:4)
  An orc priest (Orc:2)
  An orc (D:10)
  7 foxfires (Lair:2)
  12 fungi
  44 plants
66 creatures vanquished.

Grand Total: 809 creatures vanquished

Notes
Turn   | Place    | Note
-------+----------+-------------------------------------------
     0 | D:1      | mopl the Merfolk Berserker began the quest for the Orb.
     0 | D:1      | Reached XP level 1. HP: 18/18 MP: 1/1
   261 | D:1      | Found Vedule's Magic Scroll Boutique.
   264 | D:1      | Found a faded altar of an unknown god.
   507 | D:1      | Bought a scroll of noise for 12 gold pieces
   519 | D:1      | Reached XP level 2. HP: 24/24 MP: 2/2
   568 | D:1      | Reached skill level 4 in Long Blades
   568 | D:1      | Reached skill level 3 in Dodging
  1050 | D:1      | Reached XP level 3. HP: 29/29 MP: 3/3
  1385 | D:1      | Bought a scroll of identify for 24 gold pieces
  1480 | D:2      | Reached XP level 4. HP: 29/37 MP: 4/4
  1516 | D:2      | Identified the ring of the Five Ghosts {Fire Drain rCorr
                  | Dex+4}
  1888 | D:2      | Reached ** piety under Trog
  2012 | D:2      | Reached skill level 2 in Armour
  2442 | D:3      | Reached skill level 5 in Long Blades
  2459 | D:3      | Reached skill level 4 in Fighting
  2459 | D:3      | Reached XP level 5. HP: 42/42 MP: 5/5
  2634 | D:3      | Reached skill level 4 in Dodging
  2714 | D:1      | Bought a scroll of fear for 48 gold pieces
  2714 | D:1      | Bought a scroll of vulnerability for 48 gold pieces
  2834 | D:4      | Noticed a centaur
  2848 | D:4      | Killed a centaur
  2848 | D:4      | Reached *** piety under Trog
  2849 | D:4      | Reached XP level 6. HP: 49/49 MP: 6/6
  2849 | D:4      | Found an ancient bone altar of Kikubaaqudgha.
  2849 | D:4      | Noticed a human
  2852 | D:4      | Killed a human
  2900 | D:4      | Found an ornate altar of the Wu Jian Council.
  3184 | D:5      | Entered Level 5 of the Dungeon
  3192 | D:5      | Reached skill level 6 in Long Blades
  3192 | D:5      | Reached skill level 1 in Throwing
  3192 | D:5      | Reached skill level 1 in Evocations
  3312 | D:5      | Found a snail-covered altar of Cheibriados.
  3348 | D:5      | Reached XP level 7. HP: 55/55 MP: 7/7
  3491 | D:5      | Reached skill level 5 in Dodging
  3556 | D:5      | Noticed a troll
  3567 | D:5      | Killed a troll
  3568 | D:5      | Reached skill level 5 in Fighting
  3568 | D:5      | Reached skill level 7 in Long Blades
  3568 | D:5      | Reached skill level 2 in Throwing
  3568 | D:5      | Reached skill level 3 in Armour
  3568 | D:5      | Reached skill level 2 in Evocations
  3568 | D:5      | Reached XP level 8. HP: 59/62 MP: 8/8
  3584 | D:5      | Noticed a two-headed ogre
  3644 | D:6      | Noticed Menkaure
  3652 | D:6      | Killed Menkaure
  3712 | D:6      | Reached skill level 3 in Evocations
  3759 | D:6      | Reached skill level 3 in Throwing
  3759 | D:6      | Reached skill level 6 in Dodging
  3936 | D:5      | Killed a two-headed ogre
  3937 | D:5      | Reached skill level 8 in Long Blades
  3937 | D:5      | Reached XP level 9. HP: 69/69 MP: 9/9
  3984 | D:5      | Reached skill level 6 in Fighting
  4217 | D:5      | Reached skill level 9 in Long Blades
  4355 | D:1      | Bought a scroll of vulnerability for 48 gold pieces
  4355 | D:1      | Bought a scroll of identify for 24 gold pieces
  4355 | D:1      | Bought a scroll of identify for 24 gold pieces
  4355 | D:1      | Bought a scroll of teleportation for 36 gold pieces
  4355 | D:1      | Bought a scroll of immolation for 48 gold pieces
  4437 | D:6      | Found Firiat's Magic Scroll Boutique.
  4452 | D:6      | Reached skill level 4 in Throwing
  4660 | D:6      | Reached skill level 4 in Evocations
  4852 | D:6      | Reached skill level 7 in Dodging
  5010 | D:6      | Found a staircase to the Ecumenical Temple.
  5275 | D:7      | Reached skill level 4 in Armour
  5744 | D:7      | Reached XP level 10. HP: 69/77 MP: 10/10
  5899 | D:7      | Noticed Dowan
  5899 | D:7      | Noticed Duvessa
  5910 | D:7      | Killed Duvessa
  5911 | D:7      | Reached skill level 10 in Long Blades
  5915 | D:7      | Killed Dowan
  6077 | D:8      | Found a staircase to the Lair.
  6115 | D:8      | Reached skill level 7 in Fighting
  6115 | D:8      | Reached skill level 5 in Throwing
  6194 | D:8      | Reached skill level 5 in Evocations
  6204 | D:8      | Reached **** piety under Trog
  6228 | D:8      | Reached skill level 8 in Dodging
  6372 | D:8      | Found Qaosseb's Assorted Antiques.
  6380 | D:8      | Bought a scroll labelled TEONICRASE for 25 gold pieces
  6607 | D:8      | Found a shimmering blue altar of Sif Muna.
  6748 | D:9      | Found a flagged portal.
  6772 | Bailey   | Entered a bailey
  6930 | Bailey   | Reached skill level 11 in Long Blades
  7041 | Bailey   | Noticed an orc knight
  7052 | Bailey   | Killed an orc knight
  7125 | D:9      | Acquired a +2 great sword of holy wrath
  7383 | D:9      | Reached skill level 5 in Armour
  7383 | D:9      | Reached XP level 11. HP: 85/85 MP: 11/11
  7402 | D:9      | Found the +4 skin of Zhor {*Englaciate rC+++ SInv}
  7929 | D:9      | Reached skill level 9 in Dodging
  7998 | D:10     | Entered Level 10 of the Dungeon
  8024 | D:10     | Reached skill level 6 in Evocations
  8055 | D:10     | Reached skill level 6 in Throwing
  8096 | D:10     | Reached skill level 8 in Fighting
  8194 | D:10     | Reached skill level 12 in Long Blades
  8316 | D:10     | Found a portal to a secret trove of treasure.
  8417 | D:10     | Found a staircase to the Orcish Mines.
  8670 | D:10     | Found a hazy altar of Hepliaklqana.
  8873 | Lair:1   | Entered Level 1 of the Lair of Beasts
  8953 | D:6      | Bought a scroll of enchant weapon for 97 gold pieces
  8953 | D:6      | Bought a scroll of poison for 52 gold pieces
  9198 | Lair:1   | Noticed a death yak
  9234 | Lair:1   | Reached ***** piety under Trog
  9240 | Lair:1   | Reached XP level 12. HP: 75/94 MP: 12/12
  9258 | Lair:1   | Noticed a death yak
  9260 | Lair:1   | Noticed Harold
  9262 | Lair:1   | Noticed a death yak
  9265 | Lair:1   | Noticed a death yak
  9266 | Lair:1   | Noticed a death yak
  9286 | Lair:2   | Identified the +6 spear of Zotyocle {freeze, rF+ rN+}
  9498 | Lair:1   | Acquired a manual of Dodging
  9500 | Lair:1   | Acquired the ring "Elaacawu" {Fly rElec rF+}
  9572 | Lair:1   | Noticed a death yak
  9579 | Lair:1   | Killed a death yak
  9580 | Lair:1   | Reached skill level 10 in Dodging
  9588 | Lair:1   | Killed a death yak
  9589 | Lair:1   | Reached skill level 13 in Long Blades
  9589 | Lair:1   | Reached skill level 7 in Throwing
  9589 | Lair:1   | Reached skill level 7 in Evocations
  9589 | Lair:1   | Killed a death yak
  9592 | Lair:1   | Killed a death yak
  9593 | Lair:1   | Reached skill level 9 in Fighting
  9593 | Lair:1   | Killed a death yak
  9594 | Lair:1   | Reached skill level 6 in Armour
  9604 | Lair:2   | Found a staircase to the Swamp.
  9793 | Lair:1   | Killed Harold
  9794 | Lair:1   | Reached skill level 11 in Dodging
 10069 | Lair:1   | Killed a death yak
 10099 | Lair:2   | Found a staircase to the Snake Pit.
 10404 | Lair:2   | Reached skill level 14 in Long Blades
 10858 | Lair:3   | Noticed a six-headed hydra
 10869 | Lair:3   | Killed a six-headed hydra
 10870 | Lair:3   | Reached skill level 12 in Dodging
 10898 | Lair:3   | Noticed a boulder beetle
 10907 | Lair:3   | Killed a boulder beetle
 10908 | Lair:3   | Reached XP level 13. HP: 82/102 MP: 13/13
 10957 | Lair:3   | Reached skill level 8 in Evocations
 10971 | Lair:3   | Reached skill level 8 in Throwing
 11137 | Lair:3   | Noticed Sonja
 11161 | Lair:3   | Killed Sonja
 11888 | Lair:4   | Reached skill level 10 in Fighting
 12199 | Lair:4   | Found a staircase to the Slime Pits.
 12199 | Lair:4   | Found a viscous altar of Jiyva.
 12228 | Lair:4   | Noticed Rupert
 12251 | Lair:4   | Killed Rupert
 12252 | Lair:4   | Reached skill level 13 in Dodging
 12417 | Lair:5   | Entered Level 5 of the Lair of Beasts
 12467 | Lair:5   | Reached skill level 15 in Long Blades
 12598 | Lair:5   | Reached skill level 7 in Armour
 13263 | Lair:5   | Reached skill level 14 in Dodging
 13265 | Lair:5   | Reached skill level 9 in Evocations
 13309 | Lair:5   | Reached XP level 14. HP: 87/111 MP: 14/14
 13315 | Lair:5   | Reached skill level 9 in Throwing
 13734 | D:6      | Bought a scroll of teleportation for 39 gold pieces
 13734 | D:6      | Bought a scroll of acquirement for 676 gold pieces
 13734 | D:6      | Bought a scroll of torment for 123 gold pieces
 13734 | D:6      | Bought a scroll of identify for 26 gold pieces
 13734 | D:6      | Bought a scroll of identify for 26 gold pieces
 13816 | Lair:1   | Acquired the ring of the Tortoise {AC+8}
 13816 | Lair:1   | Found the ring of the Tortoise {AC+8}
 13908 | Orc:1    | Entered Level 1 of the Orcish Mines
 13911 | Orc:1    | Found Xeme's Antique Armour Shop.
 14040 | Orc:1    | Reached skill level 16 in Long Blades
 14200 | Orc:2    | Entered Level 2 of the Orcish Mines
 14314 | Orc:2    | Found a staircase to the Elven Halls.
 14504 | Orc:2    | Reached skill level 11 in Fighting
 14540 | Orc:2    | Found Eneff's Antique Armour Boutique.
 14540 | Orc:2    | Found Doewag's Distillery.
 14547 | Orc:2    | Found Qeatimm's Antique Armour Shoppe.
 14547 | Orc:2    | Found Boaptaok's Assorted Antiques.
 14581 | Orc:2    | Found a flickering gateway to a bazaar.
 14586 | Orc:2    | Paralysed by an orc sorcerer for 5 turns
 14604 | Orc:2    | Received a gift from Trog
 14608 | Bazaar   | Entered a bazaar
 14622 | Bazaar   | Found Noecriav's Antique Weapon Emporium.
 14638 | Bazaar   | Found Vinwao's General Store.
 14654 | Bazaar   | Found Zaschadea's Magic Scroll Shoppe.
 14654 | Bazaar   | Found Qeuboh Leick's Weapon Emporium.
 14714 | Bazaar   | Bought a scroll of fear for 44 gold pieces
 14714 | Bazaar   | Bought 2 atropa-tipped darts for 13 gold pieces
 14714 | Bazaar   | Bought a scroll of vulnerability for 44 gold pieces
 14748 | Bazaar   | Bought a scroll of vulnerability for 40 gold pieces
 14748 | Bazaar   | Bought a scroll of teleportation for 30 gold pieces
 14748 | Bazaar   | Bought a scroll of enchant armour for 75 gold pieces
 14748 | Bazaar   | Bought a scroll of brand weapon for 95 gold pieces
 14754 | Bazaar   | Bought 4 boomerangs for 18 gold pieces
 14760 | Bazaar   | Bought a scroll of fear for 40 gold pieces
 14849 | Orc:2    | Bought a lumpy ruby potion for 27 gold pieces
 15439 | Orc:1    | Reached skill level 15 in Dodging
 15816 | D:11     | Found Gamnicoa's General Store.
 15824 | D:11     | Bought a potion of heal wounds for 75 gold pieces
 15839 | D:11     | Found Qaigepae's Armour Shoppe.
 16039 | D:11     | Found Gomae's Armour Emporium.
 16184 | D:11     | Noticed Lodul
 16204 | D:11     | Killed Lodul
 16301 | D:11     | Found Yseajeb's Distillery.
 16640 | D:12     | Identified the +1 robe of Sunlight {+Blink rCorr}
 17348 | D:13     | Received a gift from Trog
 17472 | D:12     | Reached skill level 10 in Evocations
 17472 | D:12     | Reached XP level 15. HP: 119/119 MP: 15/15
 17479 | D:12     | Reached skill level 17 in Long Blades
 17689 | D:12     | Reached skill level 10 in Throwing
 17689 | D:12     | Reached skill level 8 in Armour
 17701 | D:12     | Reached skill level 16 in Dodging
 18097 | D:13     | Found a gate to the Vaults.
 18221 | D:14     | Found a frozen archway.
 18231 | IceCv    | Entered an ice cave
 18730 | IceCv    | Got Sif Muna's Papyrus of Frostbite
 18886 | IceCv    | HP: 4/120 [quicksilver ooze[an orange crystal statue] (6)]
 18888 | IceCv    | HP: 1/120 [quicksilver ooze[an orange crystal statue] (14)]
 18897 | IceCv    | HP: 5/180 [quicksilver ooze[an orange crystal statue] (19)]
 19116 | IceCv    | Reached skill level 12 in Fighting
 19160 | IceCv    | Noticed an azure jelly
 19188 | IceCv    | Killed an azure jelly
 19229 | IceCv    | Found a viscous altar of Jiyva.
 19229 | IceCv    | Noticed an azure jelly
 19243 | IceCv    | Killed an azure jelly
 19252 | IceCv    | Noticed a rockslime
 19252 | IceCv    | Noticed an azure jelly
 19266 | IceCv    | Killed a rockslime
 19306 | IceCv    | Killed an azure jelly
 19346 | IceCv    | Got the Book of Graupel
 19431 | D:14     | Found a blossoming altar of Fedhas.
 19594 | D:14     | Reached skill level 17 in Dodging
 19864 | D:14     | Reached skill level 18 in Long Blades
 20195 | D:15     | Entered Level 15 of the Dungeon
 20368 | Abyss:2  | Cast into level 2 of the Abyss (a wizard)
 20402 | D:15     | Escaped the Abyss
 20656 | D:15     | Reached XP level 16. HP: 72/129 MP: 16/16
 20707 | D:15     | Found a glowing golden altar of the Shining One.
 20882 | D:15     | Paralysed by an orc sorcerer for 2 turns
 21008 | D:15     | Found a staircase to the Depths.
 21328 | Snake:1  | Entered Level 1 of the Snake Pit
 21489 | Snake:1  | Reached skill level 11 in Evocations
 21916 | Snake:1  | Acquired 678 gold pieces
 22033 | Snake:1  | Reached skill level 11 in Throwing
 22045 | Snake:1  | HP: 2/129 [naga warrior/+3 short sword (18)]
 22462 | Snake:2  | Found Biomaf's Weapon Boutique.
 22476 | Snake:2  | Found Cusazata's Antique Armour Boutique.
 22539 | Snake:2  | Reached skill level 18 in Dodging
 22621 | Snake:2  | Bought a shiny helmet for 165 gold pieces
 22621 | Snake:2  | Bought a pair of glowing gloves for 165 gold pieces
 22928 | Snake:2  | Found a transporter.
 22946 | Snake:2  | Found a transporter.
 23144 | Snake:2  | Reached ****** piety under Trog
 23183 | Snake:2  | Reached skill level 9 in Armour
 23518 | Snake:1  | Reached skill level 19 in Long Blades
 23652 | Snake:3  | Reached skill level 13 in Fighting
 23816 | Snake:3  | Received a gift from Trog
 24571 | Snake:4  | Entered Level 4 of the Snake Pit
 24638 | Snake:4  | Reached XP level 17. HP: 112/137 MP: 17/17
 24848 | Snake:4  | Killed from afar by a nagaraja

Illustrated notes

Levels and vault maps discovered:
D:1:      psy_arrival_radial01, layout_rooms, serial_bayou, serial_bayou_pond_c,
          serial_bayou_pond_b, serial_bayou_pond_d, serial_bayou_lagoon_a,
          serial_bayou_shore_b, serial_bayou_pond_e,
          hellmonk_ecumenical_altar_arch_garden, serial_shops,
          nicolae_shop_behind_doors
D:2:      layout_loops_ring
D:3:      minmay_roachtagon, layout_basic
D:4:      layout_basic, nzn_wu_jian_council_hall, tgw_kikubaaqudgha
D:5:      cheibrodos_fzero, layout_rooms,
          mainiacjoe_overflow_concentric_impassable
D:6:      layout_cave_pods, lemuel_temple_firewalk_a, serial_shops, shop,
          serial_park_tiny_1, uniq_menkaure
D:7:      layout_gridville, uniq_duvessa
D:8:      layout_basic, dpeg_oklobed_lair, serial_shops,
          nicolae_shop_overgrown_old_shop, minmay_holes,
          amcnicky_mini_corridor_feature, kennysheep_small_circle
D:9:      layout_loops_ring, enter_bailey_4, kennysheep_big_empty_room,
          hellmonk_guarded_unrand_zhor
D:10:     layout_irregular_city, kennysheep_mini, david_orc_2,
          nicolae_trove_entry_free_sample, chequers_mini_garden
D:11:     layout_loops_ring, serial_shops, shop, shop, nicolae_lakefront_shop,
          nicolae_shop_trees, lemuel_old_faithful, uniq_lodul
D:12:     layout_basic
D:13:     layout_rooms, erik_vaults_2
D:14:     layout_loops_ring, serial_ice, serial_ice_a, serial_ice_e,
          serial_ice_k, serial_ice_n, portal_ice_cave_entry_pillars_four,
          fedhas_altar_2, kb_rosetta
D:15:     grunt_enter_depths_magical_seal, layout_irregular_city,
          serial_park_tiny_2, nicolae_tso_swordbearing_angel
Lair:1:   layout_regular_city, grunt_megastairs_5, uniq_harold
Lair:2:   layout_regular_city, minmay_swamp_entry_wisps,
          minmay_snake_entry_six_corridors
Lair:3:   layout_gridlike, nicolae_lair_run_with_the_wolves, uniq_sonja
Lair:4:   layout_roguey, slime_entry_1, chequers_serial_rivers_room_a,
          eino_small_chamber_without_monster, serial_bayou_pond_e,
          chequers_serial_rivers_micro_a, grunt_megastairs_3, uniq_rupert
Lair:5:   evilmike_catoblepas_cave, layout_misc_corridors, grunt_megastairs_1
Snake:1:  layout_grid_maze, lemuel_fruit_tree
Snake:2:  gammafunk_the_bubble [the_bubble_gammafunk_plus_minus], layout_basic,
          hangedman_snake_thin_pillar_pass, serial_bayou_shore_a,
          minmay_shop_star
Snake:3:  layout_gridlike
Snake:4:  hellmonk_snake_rune_quicksilver_temple, layout_basic, serial_shops,
          shop_statue, gammafunk_ghost_arena
Orc:1:    layout_diamond_mine, serial_shops,
          nicolae_shop_competitors_out_of_business
Orc:2:    grunt_orc_tribal_feast, layout_caves, serial_shops, bzr_entry_dummy

Skill      XL: |  1  2  3  4  5  6  7  8  9 10 11 12 13 14 15 16 |
---------------+-------------------------------------------------+-----
Long Blades    | 4 5 6 7 8 9 11 12 14 15 16 18 19 | 19.5
Dodging        | 3 4 5 6 7 8 9 12 14 15 17 18 | 18.9
Armour         | 2 3 4 5 6 7 8 9 |  9.3
Fighting       | 4 5 6 7 8 9 10 11 12 13 | 13.3
Throwing       | 1 2 3 4 5 6 7 8 9 10 11 | 11.6
Evocations     | 1 2 3 4 5 6 7 9 10 11 | 11.7

Action                   |  1- 3 |  4- 6 |  7- 9 | 10-12 | 13-15 | 16-18 || total
-------------------------+-------+-------+-------+-------+-------+-------++-------
Melee: Falchion          |    71 |   214 |   309 |    10 |       |       ||   604
       Tailslap          |     2 |       |       |    10 |       |       ||    12
       Punch             |       |     2 |     4 |     3 |     1 |       ||    10
       Long sword        |       |       |       |   203 |       |       ||   203
       Great sword       |       |       |       |   363 |   582 |       ||   945
       Spear             |       |       |       |     5 |     9 |       ||    14
       Triple sword      |       |       |       |       |   728 |   556 ||  1284
Throw: Boomerang         |       |       |    11 |     1 |    26 |    80 ||   118
       Dart              |       |       |       |     6 |     5 |       ||    11
       Javelin           |       |       |       |       |     4 |       ||     4
Invok: Berserk           |     4 |     2 |     7 |    19 |    23 |     3 ||    58
       Trog's Hand       |       |       |     1 |       |     3 |       ||     4
       Brothers in Arms  |       |       |       |     1 |     2 |       ||     3
Evoke: Wand              |       |       |     6 |     1 |    12 |       ||    19
       Condenser vane    |       |       |       |     1 |     1 |     2 ||     4
  Use: Scroll            |     3 |     2 |     4 |     9 |     9 |     2 ||    29
       Potion            |     1 |       |       |       |     4 |     3 ||     8
 Stab: Sleeping          |     1 |       |       |     2 |       |     1 ||     4
       Distracted        |       |       |       |     1 |     1 |       ||     2
Armor: Animal skin       |     9 |       |       |    70 |   446 |   151 ||   676
       Ring mail         |     2 |       |       |       |       |       ||     2
       Chain mail        |     4 |   129 |   156 |    98 |       |       ||   387
Dodge: Dodged            |    31 |   114 |   199 |   420 |  1243 |   391 ||  2398
